 Dungeon Crawl Stone Soup version 0.20-a0-309-gcba9277 (webtiles) character file.

92 Gorice the Sneak (level 4, -4/25 HPs)
             Began as a Kobold Arcane Marksman on Dec 18, 2016.
             Slain by Crazy Yiuf
             ... wielding a +4 quarterstaff of chaos
              (6 damage)
             ... on level 2 of the Dungeon.
             The game lasted 00:09:07 (1914 turns).

Gorice the Sneak (Kobold Arcane Marksman)           Turns: 1914, Time: 00:09:07

Health: -4/25      AC:  2    Str: 13    XL:     4   Next: 90%
Magic:  5/5        EV: 15    Int: 14    God:
Gold:   137        SH:  0    Dex: 14    Spells: 4/5 levels left

rFire  . . .     SeeInvis .     a - +0 hand crossbow
rCold  . . .     Gourm    .     e - +0 robe
rNeg   . . .     Faith    .     (shield restricted)
rPois  .         Spirit   .     (no helmet)
rElec  .         Reflect  .     (no cloak)
rCorr  .         Harm     .     (no gloves)
MR     .....                    (no boots)
Stlth  +++.......               (no amulet)
                                (no ring)
                                v - +4 ring of strength

@: lethally poisoned (-4 -> -9), drained
A: carnivore 3
a: no special abilities


You were on level 2 of the Dungeon.
You were completely stuffed.

You visited 1 branch of the dungeon, and saw 2 of its levels.

You collected 137 gold pieces.

Inventory:

Hand Weapons
 a - a +0 hand crossbow (weapon)
 g - a +0 mace
 i - a +0 dagger
 j - a +0 short sword
 l - a +0 whip
 u - a +0 vampiric dagger
   (You took it off a kobold on level 2 of the Dungeon)
Missiles
 b - 37 poisoned needles
 d - 63 bolts (quivered)
 h - 45 sling bullets
 n - 5 tomahawks
 Z - 69 stones
Armour
 e - a +0 robe (worn)
 o - a +0 scale mail
 s - a +0 pair of gloves
Jewellery
 v - a +4 ring of strength (left hand)
Scrolls
 m - a scroll of recharging
 p - a scroll of immolation {unknown}
 w - a scroll of remove curse {unknown}
 y - a scroll of random uselessness {unknown}
Potions
 k - 4 potions of curing
 q - a potion of might {unknown}
 x - a potion of mutation {unknown}
Books
 c - a book of Debilitation
Comestibles
 f - 2 meat rations {!e}
 r - a beef jerky
 t - a chunk of flesh


   Skills:
 - Level 1.1(0.8) Fighting
 - Level 2.4(2.1) Crossbows
 - Level 2.4(2.1) Dodging
 + Level 5.9(5.7) Stealth
 - Level 1.1(0.8) Spellcasting
 - Level 3.0(2.7) Hexes


You had 4 spell levels left.
You knew the following spells:

 Your Spells              Type           Power        Failure   Level  Hunger
a - Corona                Hex            #......      12%         1    ##.....


Dungeon Overview and Level Annotations

Branches:
Dungeon (2/15)

Altars:

Annotations:
D:2 Crazy Yiuf


Innate Abilities, Weirdness & Mutations

You are small and have problems with some larger weapons.
You are carnivorous and can eat meat at any time.


Message History

Partly explored, obstructed by runed door.
You open the door.
Crazy Yiuf the Enlightened comes into view.
He is wielding a quarterstaff of chaos.
Found a mace.
Crazy Yiuf shouts!
Crazy Yiuf says, "Paint!"
Crazy Yiuf moves out of view.
Firing (i - inventory. (,) - cycle):
d - 67 bolts (quivered)
Press: ? - help, Shift-Dir - straight line, f - Crazy Yiuf
Aim: Crazy Yiuf, wielding a quarterstaff of chaos and wearing a cloak You shoot a bolt.
The bolt hits Crazy Yiuf but does no damage.
Firing (i - inventory. (,) - cycle):
d - 66 bolts (quivered)
Press: ? - help, Shift-Dir - straight line, f/p - Crazy Yiuf
Aim: Crazy Yiuf, wielding a quarterstaff of chaos and wearing a cloak You shoot a bolt.
The bolt barely misses Crazy Yiuf.
Firing (i - inventory. (,) - cycle):
d - 65 bolts (quivered)
Press: ? - help, Shift-Dir - straight line, f/p - Crazy Yiuf
Aim: Crazy Yiuf, wielding a quarterstaff of chaos and wearing a cloak You shoot a bolt.
The bolt hits Crazy Yiuf!
Crazy Yiuf is heavily wounded.
Crazy Yiuf barely misses you.
Firing (i - inventory. (,) - cycle):
d - 64 bolts (quivered)
Press: ? - help, Shift-Dir - straight line, f/p - Crazy Yiuf
Aim: Crazy Yiuf, wielding a quarterstaff of chaos and wearing a cloak (heavily wounded)
You shoot a bolt. The bolt hits Crazy Yiuf.
Crazy Yiuf is heavily wounded.
Crazy Yiuf hits you with a quarterstaff of chaos.
You feel drained.
Crazy Yiuf hits you with a quarterstaff of chaos!
You suddenly lose the ability to move!
Crazy Yiuf hits you with a quarterstaff of chaos.
* * * LOW HITPOINT WARNING * * *
You are poisoned.
You feel sick.
Crazy Yiuf hits you with a quarterstaff of chaos.
* * * LOW HITPOINT WARNING * * *
Crazy Yiuf burns you.
* * * LOW HITPOINT WARNING * * *
* * * LOW HITPOINT WARNING * * *
You feel sick.
You can move again.
Damage: 23 (max 23) Unknown command.
Unknown command.
Unknown command.
Unknown command.
Unknown command.
Crazy Yiuf hits you with a quarterstaff of chaos.
You die...

..# #..##....#
..#
#####...######
..# #.......#
..# #......%##
..#
##........#
..########
#....####.#
.........#
##..## #.#
.........#
♣....♣ #.##
##.......#
♣.@.♣♣ #..#
##.......#
♣♣g♣♣ #..##
..)......#
♣(♣♣ ##..#
.........#
♣♣.♣ #..#
.........#
♣.♣♣ ##.##
...#######
♣♣.♣ ###.>#
...##########
#'# #.##.#
............#
.(. #....#
...########.#
#...# #.####


You could see Crazy Yiuf.

Vanquished Creatures
  3 adders (D:2)
  An ooze (D:1)
  2 dart slugs
  A leopard gecko (D:2)
  6 giant cockroaches
  8 goblins
  6 hobgoblins
  5 jackals (D:1)
  A quokka (D:2)
  2 ball pythons
  3 bats
  4 frilled lizards
  6 kobolds
  5 rats
53 creatures vanquished.

Notes
Turn   | Place    | Note
-------+----------+-------------------------------------------
     0 | D:1      | Gorice the Kobold Arcane Marksman began the quest for the Orb.
     0 | D:1      | Reached XP level 1. HP: 12/12 MP: 2/2
   107 | D:1      | Reached skill level 1 in Stealth
   117 | D:1      | Reached skill level 2 in Stealth
   155 | D:1      | Reached XP level 2. HP: 16/16 MP: 3/3
   302 | D:1      | Reached skill level 3 in Stealth
   386 | D:1      | Reached XP level 3. HP: 20/20 MP: 4/4
   599 | D:1      | Reached skill level 4 in Stealth
  1314 | D:2      | Reached XP level 4. HP: 25/25 MP: 5/5
  1370 | D:2      | Reached skill level 5 in Stealth
  1765 | D:2      | Found a runed door.
  1902 | D:2      | Noticed Crazy Yiuf
  1910 | D:2      | Paralysed by Crazy Yiuf for 4 turns
  1912 | D:2      | HP: 5/25 [Crazy Yiuf/quarterstaff of chaos (6)]
  1913 | D:2      | HP: 2/25 [poisoned by Crazy Yiuf]
  1914 | D:2      | Slain by Crazy Yiuf

Vault maps used:
D:1:      minmay_arrival_hallway, minmay_tetromino_s4
D:2:      minmay_randomly_rotated_circles, uniq_crazy_yiuf_cottage

Skill      XL: |  1  2  3  4 |
---------------+-------------+-----
Stealth        | 2 3 4 5 |  5.9
Fighting       | |  1.1
Crossbows      | |  2.4
Dodging        | |  2.4
Spellcasting   | |  1.1
Hexes          | |  3.0

Action                   |  1- 3 |  4- 6 || total
-------------------------+-------+-------++-------
 Fire: Hand crossbow     |    80 |    43 ||   123
 Cast: Corona            |    20 |       ||    20
  Use: Scroll            |     2 |       ||     2
  Eat: Chunk             |    10 |     2 ||    12
Armor: Robe              |     8 |     8 ||    16
Dodge: Dodged            |    36 |    37 ||    73

Table legend:
 A = Turns spent in this place as a percentage of turns spent in the entire game.
 B = Non-inter-level travel turns spent in this place as a percentage of non-inter-level travel turns spent in the entire game.
 C = Inter-level travel turns spent in this place as a percentage of turns spent in this place.
 D = Turns resting spent in this place as a percentage of non-inter-level travel turns spent in this place.
 E = Turns spent auto-exploring this place as a percentage of non-inter-level travel turns spent in this place.
 F = Non-inter-level travel turns spent in this place divided by the number of levels of this place that you've seen.
                   A       B       C       D       E      F
               +-------+-------+-------+-------+-------+----------------------
         Total | 100.0 | 100.0 |   0.1 |   0.9 |   5.8 | 394.5
       Dungeon | 100.0 | 100.0 |   0.1 |   0.9 |   5.8 | 394.5
               +-------+-------+-------+-------+-------+----------------------

Vault maps used:
D:1:      minmay_arrival_hallway, minmay_tetromino_s4
D:2:      minmay_randomly_rotated_circles, uniq_crazy_yiuf_cottage
